 Dungeon Crawl Stone Soup version 0.31-a0-968-g24f9ace8b5 (webtiles) character file.

Game seed: 10661420539228202952

53 Dittersdorf the Trooper (level 3, -4/24 HPs)
             Began as a Gargoyle Fighter on Oct 27, 2023.
             Slain by Sigmund
             ... wielding a +0 scythe
              (9 damage)
             ... on level 2 of the Dungeon.
             The game lasted 00:01:19 (994 turns).

Dittersdorf the Trooper (Gargoyle Fighter)           Turns: 994, Time: 00:01:19

Health: -4/24      AC: 16    Str: 21    XL:     3   Next: 87%
Magic:  3/3        EV:  9    Int:  8    God:
Gold:   62         SH:  4    Dex:  9    Spells: 2/2 levels left

rFire   . . .        a - +0 flail
rCold   . . .        c - +0 buckler
rNeg    + . .        b - +0 scale mail
rPois   ∞            (no helmet)
rElec   +            (no cloak)
rCorr   .            f - +0 pair of gloves
SInv    .            h - +0 pair of boots
Will    .....        (no amulet) Stlth
                     g - +4 ring of protection
HPRegen 0.24/turn    (no ring)
MPRegen 0.08/turn

%: no passive effects
@: no status effects
A: sickness immunity, AC +3, negative energy resistance 1, electricity
resistance, torment resistance 1, petrification resistance
a: no special abilities


You were on level 2 of the Dungeon.
You visited 1 branch of the dungeon, and saw 2 of its levels.

You collected 62 gold pieces.

Inventory:

Hand Weapons
 a - a +0 flail (weapon)
Missiles
 e - 5 poisoned darts (quivered)
Armour
 b - a +0 scale mail (worn)
 c - a +0 buckler (worn)
 f - a +0 pair of gloves (worn)
 h - a +0 pair of boots (worn)
Jewellery
 g - a +4 ring of protection (left hand)
Potions
 d - a potion of might


   Skills:
 + Level 3.8 Fighting
 + Level 2.6 Maces & Flails
 + Level 3.8 Armour
 + Level 3.8 Shields


You had 2 spell levels left.
You didn't know any spells.
Your spell library contained the following spells:

 Spells                   Type           Power      Damage    Failure   Level
 Inner Flame              Hex/Fire       0%         N/A       99%         3
 Yara's Violent Unravell  Hex/Tmut       0%         3d3       100%        5
 Enfeeble                 Hex            0%         N/A       100%        7


Dungeon Overview and Level Annotations

Branches:
Dungeon (2/15)

Altars:

Annotations:
D:2 Sigmund


Innate Abilities, Weirdness & Mutations

You are immune to sickness and miasma.
Your stone body is resilient. (AC +3)
You are immune to poison.
You resist negative energy. (rN+)
You are resistant to electric shocks. (rElec)
You are resistant to unholy torment.
You are immune to petrification.


Message History

[Y]es or [N]o only, please.
Really target yourself? [Y]es or [N]o only, please.
Really target yourself?
Okay, then.
Something hits you but does no damage.
You closely miss something. Something hits you!
You closely miss something. You closely miss something.
You hear some strange, mumbled words.
A magic dart appears from out of thin air!
The magic dart hits you but does no damage.
Something hits you but does no damage.
You miss something. You closely miss something.
Something hits you but does no damage.
You sock something! Something hits you but does no damage.
You closely miss something. Something hits you.
You hit something but do no damage. Something hits you but does no damage.
You miss something. Something hits you!
You miss something. Something hits you but does no damage.
You closely miss something. Something hits you but does no damage.
You closely miss something. Something hits you but does no damage.
You miss something. You miss something. Something hits you.
You barely miss something.
You hear some strange, mumbled words.
You are confused.
You're too confused to move!
Something hits you but does no damage.
You bump into the rock wall.
Something hits you but does no damage.
You're too confused to move!
You miss something. Something hits you.
* * * LOW HITPOINT WARNING * * *
You bump into the rock wall.
Sigmund appears from thin air!
Reactivating autopickup.
Sigmund closely misses you.
You bump into the rock wall.
You feel less confused. Sigmund hits you with a +0 scythe!
You die...
Sigmund begins carving another notch in his scythe.

########## #....@@..#
###########.######.#
.........##.####.#.#######
.#.##.##.##.##...........#
.#.##.##.##.##.....#####.#
.#.##.##.##........# #.#
.#.#........####.#.# #.#
<#.#..##.##........# #.#
.#.#..#...######.### #.#


You could see Sigmund.

Vanquished Creatures
  Jessica (D:2)
  A dart slug (D:1)
  3 endoplasms
  2 giant cockroaches
  A goblin (D:1)
  2 hobgoblins
  4 kobolds (D:1)
  3 ball pythons (D:1)
  2 bats (D:1)
  A frilled lizard (D:1)
  4 rats (D:1)
24 creatures vanquished.

Notes
Turn   | Place    | Note
-------+----------+-------------------------------------------
     0 | D:1      | Dittersdorf the Gargoyle Fighter began the quest for the
                  | Orb.
     0 | D:1      | Reached XP level 1. HP: 14/14 MP: 1/1
   137 | D:1      | Reached XP level 2. HP: 3/19 MP: 2/2
   712 | D:2      | Reached XP level 3. HP: 23/23 MP: 3/3
   801 | D:2      | Noticed Jessica
   816 | D:2      | Killed Jessica
   970 | D:2      | Noticed Sigmund
   994 | D:2      | Slain by Sigmund

Illustrated notes

Levels and vault maps discovered:
D:1:      minmay_arrival_four_loops, layout_rooms, hangedman_decor_opposing,
          corexii_corridor_pit, minmay_pentomino_p4
D:2:      layout_loops_corners, uniq_sigmund, uniq_jessica, uniq_terence

Action                     || total
---------------------------++-------
  Melee: Flail             ||   101
  Throw: Dart              ||     1
    Use: Scroll            ||     1
 Armour: Scale mail        ||    73
  Dodge: Dodged            ||    49
  Block: Buckler           ||    17

Table legend: (Time is in decaauts)
 A = Elapsed time spent in this place.
 B = Non-inter-level travel time spent in this place.
 C = Inter-level travel time spent in this place.
 D = Time resting spent in this place.
 E = Time spent auto-exploring this place.
 F = Levels seen in this place.
 G = Mean time per level.
                   A        B        C        D        E       F      G
               +--------+--------+--------+--------+--------+-----+--------+
         Total |   1025 |   1003 |     22 |      0 |    732 |   2 |  512.5 |
       Dungeon |   1025 |   1003 |     22 |      0 |    732 |   2 |  512.5 |
               +--------+--------+--------+--------+--------+-----+--------+

Top non-repeatable levels by time:
     D:1: 726 daAuts
     D:2: 299 daAuts
